Map: Ascension to Aiur LE

Players

Stephano - Winner!

  • Race: Zerg Zerg
  • Spawn Location: 5:00

Harstem

  • Race: Protoss Protoss
  • Spawn Location: 11:00

Event: WCS Jonkoping 2017

VOD

Have the link to the VOD?

Description

Time

  • Played on: June 17, 2017, 7 a.m.
  • Length: 7:58

All games in this series

Show
View Real Time Build Order
Export as new Build Order

Stephano Zerg - Winner!

Build Orders: Hatch First 

Get SALT Encoding   

  12  0:00  Drone  
  13  0:13  Overlord  
  13  0:17  Drone  
  14  0:31  Drone x2  
  16  0:49  Hatchery  
  15  0:51  Drone  
  15  0:55  Drone  
  17  0:59  Drone  
  18  1:09  Extractor  
  17  1:14  Spawning Pool  
  17  1:17  Drone  
  17  1:20  Drone  
  18  1:29  Drone  
  19  1:39  Overlord  
  19  1:51  Drone  
  20  2:00  Queen  
  20  2:01  Queen  
  24  2:02  Zergling x2, Drone  
  26  2:11  Drone  
  26  2:13  Drone  
  28  2:15  Metabolic Boost  
  28  2:23  Drone x2  
  30  2:33  Drone x2  
  32  2:41  Hatchery  
  31  2:45  Overlord  
  31  2:47  Drone  
  32  2:57  Overlord  
  32  3:04  Zergling x2  
  33  3:06  Drone x2  
  33  3:09  Drone  
  36  3:13  Overlord  
  36  3:15  Queen x2  
  36  3:16  Drone  
  36  3:17  Drone  
  42  3:22  Drone x2  
  44  3:32  Drone  
  44  3:33  Drone x2  
  47  3:36  Spore Crawler  
  47  3:37  Spore Crawler  
  47  3:38  Drone  
  47  3:39  Drone  
  47  3:42  Drone x2  
  47  3:43  Drone  
  47  3:47  Zergling x2  
  51  3:48  Drone  
  51  3:51  Overlord  
  51  3:53  Spore Crawler  
  51  3:54  Drone  
  52  3:57  Evolution Chamber  
  52  4:01  Queen  
  53  4:05  Drone x2  
  53  4:06  Drone  
  56  4:10  Drone x2  
  56  4:11  Drone  
  56  4:15  Drone  
  59  4:17  Drone  
  59  4:20  Drone  
  59  4:21  Overlord  
  59  4:23  Zerg Melee Weapons Level 1  
  59  4:24  Drone  
  62  4:28  Queen  
  64  4:31  Overlord  
  64  4:35  Queen  
  66  4:39  Overlord  
  66  4:44  Overlord  
  64  4:47  Overlord  
  64  4:48  Overlord  
  64  4:49  Baneling Nest  
  64  4:51  Extractor x2, Drone  
  62  4:55  Drone  
  62  4:57  Overlord  
  62  4:59  Zergling x2  
  64  5:00  Extractor x2, Zergling x2  
  64  5:01  Zergling x4  
  64  5:03  Zergling x2  
  64  5:04  Zergling x2  
  64  5:06  Drone  
  68  5:08  Drone  
  68  5:10  Drone x2  
  71  5:20  Drone x3  
  73  5:22  Drone x3  
  73  5:23  Drone  
  73  5:25  Extractor  
  75  5:32  Drone  
  76  5:40  Drone x5  
  76  5:41  Lair  
  81  5:48  Drone  
  81  5:49  Drone x2  
  84  5:52  Hatchery  
  84  5:54  Zergling x2  
  84  5:55  Zergling x6  
  84  5:56  Baneling x3  
  87  6:05  Overlord  
  87  6:06  Zergling x2  
  87  6:07  Zergling x6  
  87  6:08  Drone  
  87  6:09  Drone  
  93  6:11  Zergling x6  
  93  6:15  Baneling x7  
  93  6:17  Zergling x2  
  97  6:19  Baneling x4  
  97  6:21  Zergling x2  
  97  6:23  Zergling x2  
  97  6:24  Zergling x4  
  98  6:26  Zergling x4  
  98  6:29  Zergling x4  
  99  6:34  Zergling x6  
  99  6:39  Zergling x8  
  102  6:40  Baneling  
  102  6:43  Baneling x7  
  102  6:44  Baneling x2  
  102  6:45  Zergling x2  
  101  6:50  Zergling x8  
  101  6:53  Queen x2  
  103  6:55  Zergling x2  
  103  6:59  Zergling x4  
  103  7:01  Queen  
  100  7:03  Zergling x2  
  100  7:07  Zergling x8  
  96  7:14  Zergling x4  
  93  7:16  Overseer  
  93  7:17  Baneling x2  
  93  7:19  Zergling x2  
  90  7:23  Zergling x2  
  90  7:26  Baneling x5  
  94  7:32  Zergling x6  
  94  7:33  Zergling x2  
  95  7:39  Zergling x10  
  102  7:54  Evolution Chamber  
Show
View Real Time Build Order
Export as new Build Order

Harstem Protoss 

Build Orders: 1 Gate Expand, Oracle Opening 

Get SALT Encoding   

  12  0:01  Probe (Chrono Boost)  
  13  0:11  Probe (Chrono Boost)  
  14  0:18  Pylon  
  14  0:22  Probe (Chrono Boost)  
  15  0:36  Probe (Chrono Boost)  
  15  0:38  Gateway  
  16  0:46  Probe (Chrono Boost)  
  17  0:50  Assimilator  
  18  0:57  Probe (Chrono Boost)  
  18  1:07  Probe (Chrono Boost)  
  19  1:18  Probe (Chrono Boost)  
  20  1:23  Nexus  
  20  1:33  Cybernetics Core  
  20  1:36  Probe (Chrono Boost)  
  21  1:42  Assimilator  
  22  1:47  Probe (Chrono Boost)  
  22  1:51  Pylon  
  22  1:57  Probe (Chrono Boost)  
  23  2:09  Probe (Chrono Boost), Stalker (Chrono Boost)  
  26  2:19  Stargate  
  26  2:21  Probe  
  27  2:31  Warp Gate  
  27  2:33  Probe  
  27  2:34  Probe  
  27  2:36  Adept (Chrono Boost)  
  31  2:45  Probe (Chrono Boost)  
  31  2:46  Probe (Chrono Boost)  
  33  2:57  Probe x2 (Chrono Boost)  
  35  3:01  Gateway  
  35  3:04  Oracle (Chrono Boost)  
  38  3:07  Probe  
  38  3:10  Probe  
  40  3:12  Pylon  
  40  3:19  Probe  
  41  3:20  Probe, Gateway  
  42  3:31  Probe x2  
  44  3:36  Oracle (Chrono Boost), Assimilator  
  44  3:40  Pylon  
  47  3:44  Probe x2, Adept  
  51  3:56  Probe  
  51  3:58  Probe, Twilight Council  
  53  4:08  Probe  
  55  4:19  Robotics Facility, Nexus  
  55  4:20  Mothership Core  
  55  4:22  Probe  
  57  4:35  Resonating Glaives (Chrono Boost)  
  57  4:40  Gateway  
  57  4:41  Gateway  
  57  4:44  Gateway  
  57  4:48  Gateway  
  57  4:57  Gateway  
  57  5:04  Warp Prism (Chrono Boost)  
  59  5:09  Pylon, Sentry, Probe  
  59  5:12  Pylon  
  60  5:22  Adept  
  60  5:25  Probe  
  60  5:27  Pylon  
  61  5:30  Adept  
  61  5:32  Pylon, Adept  
  61  5:33  Probe  
  66  5:42  Probe  
  66  5:44  Probe  
  66  5:49  Adept x4  
  76  5:50  Adept x2  
  80  5:59  Probe  
  80  6:00  Probe  
  82  6:09  Pylon  
  82  6:10  Pylon  
  83  6:17  Adept x6  
  94  6:18  Sentry  
  94  6:20  Adept  
  89  6:39  Adept x3  
  89  6:40  Adept x4  
  89  6:42  Adept  
  89  6:46  Probe x2  
  99  6:50  Probe  
  94  6:57  Adept x3  
  94  6:59  Adept  
  94  7:00  Adept  
  91  7:03  Adept  
  91  7:04  Adept  
  91  7:08  Adept  
  76  7:16  Adept x3  
  76  7:21  Adept x2  
  82  7:24  Adept  
  82  7:28  Adept  
  73  7:38  Adept x4  
  79  7:49  Adept x4  
Tags
 
Add a new tag
Caveats
  • Supply blocks, unpowered buildings, or Contaminate may cause inaccurate times.
  • Supply counts are checked every 10 seconds.